 Dungeon Crawl Stone Soup version 0.30.0-13-g156ef70053 (webtiles) character file.

Game seed: 5487396084605040718

2575 Esekla the Sneak (level 9, -19/58 HPs)
             Began as an Octopode Necromancer on May 17, 2023.
             Demolished by an ogre
             ... wielding a +0 giant spiked club
              (24 damage)
             ... on level 7 of the Dungeon.
             The game lasted 00:37:57 (5615 turns).

Esekla the Sneak (Octopode Necromancer)             Turns: 5615, Time: 00:37:57

Health: -19/58     AC:  8    Str: 13    XL:     9   Next: 57%
Magic:  0/16       EV: 20    Int: 21    God:
Gold:   431        SH:  0    Dex: 13    Spells: 12/18 levels left

rFire   + . .        s - +2 dagger (protect)
rCold   + . .        (no shield)
rNeg    . . .        (helmet restricted)
rPois   .            (no amulet)
rElec   .            e - ring of wizardry
rCorr   .            D - ring of wizardry
SInv    +            w - +5 ring of evasion
Will    .....        z - +6 ring of strength
Stlth   ++++         C - ring of see invisible
HPRegen 0.29/turn    I - ring of protection from cold
MPRegen 0.15/turn    K - ring of protection from fire
                     (no ring)

%: wizardry (x2)
@: about to teleport, marked, under a protective aura, attractive, very slightly
contaminated
A: almost no armour, amphibious, 8 rings, camouflage 1, gelatinous body 1,
(nimble swimmer 1), tentacles
a: no special abilities


You were on level 7 of the Dungeon.
You visited 1 branch of the dungeon, and saw 7 of its levels.
You also visited: Ossuary.

You collected 431 gold pieces.

Inventory:

Hand Weapons
 a - a +0 falchion
 r - a +0 spear
 s - a +2 dagger of protection (weapon)
Jewellery
 e - a ring of wizardry (left tentacle)
 w - a +5 ring of evasion (on tentacle)
 z - a +6 ring of strength (on tentacle)
 C - a ring of see invisible (on tentacle)
 D - a ring of wizardry (right tentacle)
 I - a ring of protection from cold (on tentacle)
 K - a ring of protection from fire (on tentacle)
Wands
 o - a wand of flame (2)
 J - a wand of paralysis (3)
Scrolls
 c - a scroll of silence {unknown}
 i - 5 scrolls of poison {unknown}
 p - 2 scrolls of teleportation
 q - 4 scrolls of identify {unknown}
 t - 2 scrolls of blinking {unknown}
 u - 2 scrolls of immolation {unknown}
 y - a scroll of fog {unknown}
 A - a scroll of fear {unknown}
 B - 3 scrolls of magic mapping {unknown}
 E - a scroll of amnesia {unknown}
 G - a scroll of enchant armour {unknown}
Potions
 b - 2 potions of lignification {unknown}
 d - 3 potions of haste {unknown}
 f - a potion of flight {unknown}
 g - 3 potions of heal wounds
 h - a potion of might {unknown}
 j - 4 potions of magic
 k - 2 potions of invisibility {unknown}
 l - a potion of brilliance {unknown}
 m - 3 potions of attraction
 n - a potion of resistance {unknown}
 v - a potion of ambrosia {unknown}
 x - 2 potions of mutation {unknown}
 F - 4 potions of curing {unknown}
 H - a potion of cancellation {unknown}


   Skills:
 * Level 4.1 Fighting
 * Level 5.8(5.9) Short Blades
 + Level 1.3(3.9) Long Blades
 * Level 5.3 Dodging
 + Level 6.9 Stealth
 * Level 5.1 Spellcasting
 * Level 6.4 Necromancy
 * Level 1.3 Transmutations
 + Level 0.8 Evocations


You had 12 spell levels left.
You knew the following spells:

 Your Spells              Type           Power      Damage    Failure   Level
a - Necrotise             Necr           100%       1d9       1%          1
b - Wereblood             Tmut           10%        N/A       2%          2
d - Vampiric Draining     Necr           32%        2d8       1%          3

Your spell library contained the following spells:

 Spells                   Type           Power      Damage    Failure   Level
 Beastly Appendage        Tmut           20%        N/A       1%          1
 Animate Dead             Necr           32%        N/A       2%          4
 Lesser Beckoning         Tloc           10%        N/A       4%          2
 Agony                    Necr           32%        N/A       5%          5
 Spider Form              Tmut/Pois      8%         N/A       7%          3
 Dazzling Flash           Conj/Hex       10%        N/A       9%          3
 Gell's Gravitas          Tloc           5%         N/A       9%          3
 Teleport Other           Tloc           5%         N/A       9%          3
 Volatile Blastmotes      Fire/Tloc      10%        2d10      9%          3
 Iskenderun's Mystic Bla  Conj/Tloc      5%         2d3       26%         4
 Starburst                Conj/Fire      2%         6d3       97%         6


Dungeon Overview and Level Annotations

Branches:
Dungeon (7/15)            Ossuary (visited)
 Temple: D:4-7

Altars:
Cheibriados
Hepliaklqana
Qazlal
Uskayaw
Wu Jian
Xom

Shops:
D:2 (=(

Annotations:
D:3 Ijyb


Innate Abilities, Weirdness & Mutations

You cannot wear most types of armour.
You are amphibious.
You can wear up to eight rings at the same time.
Your skin changes colour to match your surroundings (Stealth+).
Your rubbery body absorbs attacks. (AC +1, EV +1)
((You are camouflaged when in or above water. (Stealth+)))
You have tentacles for arms and can constrict up to eight enemies at once.


Message History

Press: ? - help, Shift-Dir - straight line, f - ogre
Aim: an ogre, wielding a +0 giant spiked club (chance to affect: 50%)
The ogre resists with significant effort.
You feel sick.
Casting: Vampiric Draining (safe; 1% risk of failure)
Confirm with . or Enter, or press ? or * to list all spells.
Aiming: Vampiric Draining (safe; 1% risk of failure)
Press: ? - help, Shift-Dir - straight line, f/p - ogre
Aim: an ogre, wielding a +0 giant spiked club You draw life force from the ogre.
You feel life coursing into your body.
You feel sick. The ogre barely misses you.
The killer bee is attracted toward you.
You feel sick.
You are no longer poisoned.
The ogre is attracted toward you.
Casting: Vampiric Draining (safe; 1% risk of failure)
Confirm with . or Enter, or press ? or * to list all spells.
Aiming: Vampiric Draining (safe; 1% risk of failure)
Press: ? - help, Shift-Dir - straight line, f/p - ogre
Aim: an ogre, wielding a +0 giant spiked club (lightly wounded)
You draw life force from the ogre!
You feel life coursing into your body. The ogre misses you.
The orc is attracted toward you.
Casting: Vampiric Draining (safe; 1% risk of failure)
Confirm with . or Enter, or press ? or * to list all spells.
Aiming: Vampiric Draining (safe; 1% risk of failure)
Press: ? - help, Shift-Dir - straight line, f/p - ogre
Aim: an ogre, wielding a +0 giant spiked club (heavily wounded)
You miscast Vampiric Draining.
You are very lightly contaminated with residual magic.
Nothing appears to happen.
The ogre hits you with a +0 giant spiked club!!
* * * LOW HITPOINT WARNING * * *
The orc closely misses you.
You hit the ogre.
Your weapon exudes an aura of protection.
The ogre is heavily wounded.
As you read the scroll of teleportation, it crumbles to dust.
You feel strangely unstable. The orc misses you.
The ogre hits you with a +0 giant spiked club!!
You die...

.. ...... ####. ......
.......#### . ##.....
...8.......#### #. ......
.8.[.8...#.##.###.. ......
o..........#Oy..#... ##.....
8.....8.._.@#.....§..#......
...o..........o####........<...#
....8...8...#.# .....##y...##
.....8.....§.# .##.....y...#
..........#### ###.......## .
.........##.# #......... .
............).## ##........ .
#...#........#.# [# ##........
.##...#..........#
..###.........


You could see an ogre, a killer bee and an orc.

Vanquished Creatures
  Pikel (D:6)
  Grinder (D:5)
  Sigmund (D:2)
  2 steam dragons
  A black bear (D:6)
  2 ogres (D:5)
  A lemure (D:6)
  A phantom (D:6)
  A kobold brigand (D:7)
  A bullfrog (D:6)
  5 scorpions
  2 killer bees (D:6)
  4 howler monkeys
  A hound (D:5)
  A jelly (D:5)
  A gnoll bouda (D:5)
  2 sleepcaps (D:4)
  Terence (D:2)
  Jessica (D:2)
  An iguana (D:5)
  3 mummies (Ossuary)
  5 gnolls
  7 adders
  A shadow imp (D:7)
  3 adder zombies (Ossuary)
  2 worms (D:2)
  2 dart slugs
  13 orcs
  3 ball pythons
  6 endoplasms
  2 giant cockroaches (D:1)
  A gnoll zombie (Ossuary)
  6 goblins
  6 hobgoblins
  3 quokkas
  3 bats
  2 frilled lizards
  3 goblin zombies (Ossuary)
  3 hobgoblin zombies (Ossuary)
  13 kobolds
  2 kobold zombies (Ossuary)
  4 quokka zombies (Ossuary)
  8 rats
  2 rat zombies (Ossuary)
134 creatures vanquished.

Vanquished Creatures (others)
  A gnoll (D:5)
1 creature vanquished.

Grand Total: 135 creatures vanquished

Notes
Turn   | Place    | Note
-------+----------+-------------------------------------------
     0 | D:1      | Esekla the Octopode Necromancer began the quest for the
                  | Orb.
     0 | D:1      | Reached XP level 1. HP: 11/11 MP: 3/3
    86 | D:1      | Reached XP level 2. HP: 10/17 MP: 5/5
   318 | D:1      | Reached XP level 3. HP: 22/22 MP: 6/6
   464 | D:2      | Learned a level 3 spell: Vampiric Draining
   511 | D:2      | Noticed Sigmund
   608 | D:2      | Found Wytzuu Nikit's Weapon Boutique.
   807 | D:2      | Reached XP level 4. HP: 27/27 MP: 7/7
   888 | D:2      | Noticed Jessica
   894 | D:2      | Killed Jessica
   895 | D:2      | Reached skill level 1 in Fighting
  1105 | D:2      | Killed Sigmund
  1106 | D:2      | Reached skill level 1 in Short Blades
  1106 | D:2      | Reached skill level 1 in Long Blades
  1106 | D:2      | Reached XP level 5. HP: 31/34 MP: 4/9
  1106 | D:2      | Reached XP level 6. HP: 35/39 MP: 4/10
  1173 | D:2      | Found Poanaek's Weapon Boutique.
  1313 | D:2      | Found Biph's Jewellery Shop.
  1316 | D:2      | Noticed Terence
  1322 | D:2      | Killed Terence
  1323 | D:2      | Reached skill level 5 in Necromancy
  1426 | D:3      | Noticed Ijyb
  1544 | D:3      | Reached skill level 5 in Stealth
  1700 | D:3      | You fall into a shaft and drop 3 floors!
  1816 | D:6      | Noticed a black bear
  1823 | D:6      | Killed a black bear
  1824 | D:6      | Reached XP level 7. HP: 41/45 MP: 4/11
  2013 | D:6      | Found an ornate altar of the Wu Jian Council.
  2057 | D:6      | Found a hazy altar of Hepliaklqana.
  2629 | D:5      | Entered Level 5 of the Dungeon
  2910 | D:5      | Reached XP level 8. HP: 51/51 MP: 13/13
  3092 | D:5      | Found a shimmering altar of Xom.
  3102 | D:5      | Found a stormy altar of Qazlal.
  3266 | D:5      | Noticed Grinder
  3909 | D:5      | Paralysed by Grinder for 5 turns
  3920 | D:5      | Killed Grinder
  4274 | D:4      | Reached XP level 9. HP: 54/58 MP: 12/16
  4285 | D:4      | Found a snail-covered altar of Cheibriados.
  4313 | D:4      | Found a sand-covered staircase.
  4392 | Ossuary  | Entered an ossuary
  4910 | D:4      | Learned a level 2 spell: Wereblood
  5093 | D:6      | Reached skill level 5 in Short Blades
  5196 | D:6      | Noticed Pikel
  5205 | D:6      | Killed Pikel
  5206 | D:6      | Reached skill level 5 in Spellcasting
  5206 | D:6      | Reached skill level 1 in Transmutations
  5386 | D:7      | Found a hide-covered altar of Uskayaw.
  5480 | D:7      | Reached skill level 5 in Dodging
  5615 | D:7      | Demolished by an ogre

Illustrated notes

Levels and vault maps discovered:
D:1:      eino_arrival_cavern_d, layout_rooms
D:2:      minmay_skewed_foursquare, layout_basic, serial_shops,
          nicolae_shop_back_alley_shop, nicolae_diamond_shop, shop_fountains,
          uniq_jessica, uniq_terence, uniq_sigmund
D:3:      layout_basic, grunt_ministairs_12, hangedman_feature_mirror,
          uniq_ijyb, uniq_robin
D:4:      layout_basic, marbit_many_paths, nicolae_ossuary_entry_ruins,
          st_stairs_1, serial_bayou_pond_e
D:5:      kennysheep_steamy, layout_basic, mainiacjoe_overflow_big_doors,
          uniq_grinder
D:6:      layout_basic, nicolae_hepliaklqana_hazy_memory,
          nicolae_wu_jian_immortal_techniques, minmay_misc_feat_ornament,
          uniq_pikel
D:7:      layout_cave_pools, nicolae_uskayaw_dance_hall, temple_pool_b

Skill      XL: |  1  2  3  4  5  6  7  8  9 |
---------------+----------------------------+-----
Stealth        | 3 4 5 6 |  6.9
Fighting       | 1 2 3 4 |  4.1
Short Blades   | 1 2 3 4 5 |  5.8
Long Blades    | 1 |  1.3
Necromancy     | 5 6 |  6.4
Spellcasting   | 3 4 5 |  5.1
Dodging        | 3 4 5 |  5.3
Transmutations | 1 |  1.3
Evocations     | |  0.8

Action                     |  1- 3 |  4- 6 |  7- 9 || total
---------------------------+-------+-------+-------++-------
  Melee: Dagger            |    53 |    43 |   232 ||   328
         Constrict         |    16 |    13 |    51 ||    80
         Unarmed           |     3 |       |       ||     3
         Tentacles         |    18 |    16 |    86 ||   120
         Falchion          |    18 |    24 |       ||    42
         Punch             |       |       |     6 ||     6
   Cast: Vampiric Draining |       |     5 |    18 ||    23
  Evoke: Wand              |       |       |     7 ||     7
    Use: Scroll            |       |       |     2 ||     2
         Potion            |       |       |     2 ||     2
   Stab: Sleeping          |     9 |    12 |     9 ||    30
         Paralysed         |       |       |     1 ||     1
 Armour: Skin              |     3 |    16 |    35 ||    54
  Dodge: Dodged            |    27 |    28 |   173 ||   228
